 Dungeon Crawl Stone Soup version 0.30.0-29-ga12c61a403 (webtiles) character file.

Game seed: 4561057906943730039

684315 snickersnuck the Conqueror (level 27, -1/273 HPs)
             Began as a Minotaur Fighter on June 15, 2023.
             Was a High Priest of Zin.
             Killed from afar by a starcursed mass (12 damage)
             ... with an accursed screaming
             ... on level 3 of the Abyss.
             The game lasted 03:05:42 (102292 turns).

snickersnuck the Conqueror (Minotaur Fighter)     Turns: 102292, Time: 03:05:43

Health: -1/273     AC: 54    Str: 41    XL:     27
Magic:  32/38      EV: 12    Int:  7    God:    Zin [*****.]
Gold:   2679       SH: 29    Dex: 13    Spells: 26/26 levels left

rFire   + + +        J - +8 trishula (holy)
rCold   + + .        G - +5 tower shield
rNeg    . . .        j - +9 scales of the Dragon King {rPois rF+ rC+ Will+}
rPois   +            X - +0 mask of the Dragon {Will+ Slay+3 SInv}
rElec   .            L - +4 dragonskin cloak
rCorr   .            Z - +2 pair of gloves {Str+3}
SInv    +            M - +2 pair of boots {Fly}
Will    ++++.        F - amulet of Xoezedi {Acrobat rF+ rC+ Int+2} Stlth
                     h - +6 ring of strength
HPRegen 0.65/turn    n - ring "Boateom" {rF+ AC+4}
MPRegen 0.26/turn

%: acrobat
@: about to teleport, flying, studying 2 skills
A: horns 2, retaliatory headbutt
}: 4/15 runes: serpentine, barnacled, slimy, silver
a: Renounce Religion, Recite, Vitalisation, Imprison, Sanctuary, Donate Gold


You were on level 3 of the Abyss.
You worshipped Zin.
Zin was extremely pleased with you.
You visited 11 branches of the dungeon, and saw 54 of its levels.
You visited the Abyss 2 times.
You also visited: Wizlab.

You collected 7919 gold pieces.
You spent 3791 gold pieces at shops.
You donated 1449 gold pieces to Zin.

Inventory:

Hand Weapons
 J - a +8 trishula of holy wrath (weapon)
 N - the +18 lance "Wyrmbane" {slay drac, rPois rF+ rC+ AC+3}
   (You found it on level 5 of the Vaults)

   AC:        It affects your AC (+3).
   rF:        It protects you from fire.
   rC:        It protects you from cold.
   rPois:     It protects you from poison.
Missiles
 k - 8 throwing nets (quivered)
Armour
 j - the +9 scales of the Dragon King (worn) {rPois rF+ rC+ Will+}
   (You found it on level 12 of the Dungeon)

   rF:        It protects you from fire.
   rC:        It protects you from cold.
   rPois:     It protects you from poison.
   Will:      It increases your willpower.
 G - a +5 tower shield (worn)
 L - the +4 dragonskin cloak (worn)
   (You took it off Tiamat on level 4 of the Realm of Zot)

   Avatar's Aegis: It grants the wearer a chance to resist fire, cold, poison,
   electricity, acid, and negative energy.
 M - a +2 pair of boots of flying (worn)
 X - the +0 mask of the Dragon (worn) {Will+ Slay+3 SInv}
   (You bought it in a shop on level 2 of the Vaults)

   Slay:      It affects your accuracy & damage with ranged weapons and melee
   (+3).
   SInv:      It lets you see invisible.
   Will:      It increases your willpower.
 Z - a +2 pair of gloves of strength (worn)
Jewellery
 c - a +4 ring of slaying
 h - a +6 ring of strength (left hand)
 n - the ring "Boateom" (right hand) {rF+ AC+4}
   (You found it on level 1 of the Realm of Zot)

   [ring of protection]

   AC:        It affects your AC (+4).
   rF:        It protects you from fire.
 z - the ring "Feigg" {Ice rCorr}
   (You bought it in a shop on level 2 of the Elven Halls)

   [ring of ice]

   It enhances your ice magic.
   rF:        It makes you vulnerable to fire.
   rC:        It protects you from cold.
   rCorr:     It protects you from acid and corrosion.
 F - the amulet of Xoezedi (around neck) {Acrobat rF+ rC+ Int+2}
   (You found it on level 1 of the Snake Pit)

   [amulet of the acrobat]

   It increases your evasion while moving and waiting.
   Int:       It affects your intelligence (+2).
   rF:        It protects you from fire.
   rC:        It protects you from cold.
Wands
 b - a wand of flame (132)
 f - a wand of roots (65)
 q - a wand of digging (25)
 t - a wand of charming (40)
 w - a wand of quicksilver (24)
 E - a wand of mindburst (34)
Scrolls
 g - 10 scrolls of fear
 i - 4 scrolls of summoning
 o - 20 scrolls of teleportation
 s - a scroll of brand weapon
 u - 5 scrolls of enchant armour
 A - 2 scrolls of enchant weapon
 B - 6 scrolls of amnesia
 I - 8 scrolls of fog
 P - 11 scrolls of magic mapping
 S - 11 scrolls of poison
 U - 3 scrolls of blinking
 Y - 3 scrolls of silence
Potions
 a - 5 potions of mutation
 d - 4 potions of cancellation
 e - 5 potions of resistance
 m - 14 potions of curing
 p - 3 potions of haste
 r - 4 potions of heal wounds
 v - 2 potions of might
 x - 14 potions of flight
 C - 8 potions of berserk rage
 D - 11 potions of brilliance
 O - 5 potions of invisibility
 T - 8 potions of magic


   Skills:
 O Level 27 Fighting
 - Level 12.0 Maces & Flails
 - Level 14.0 Polearms
 O Level 27 Armour
 * Level 9.0 Dodging
 O Level 27 Shields
 - Level 25.0 Invocations
 - Level 11.7 Evocations


You had 26 spell levels left.
You didn't know any spells.
Your spell library contained the following spells:

 Spells                   Type           Power      Damage    Failure   Level
 Foxfire                  Conj/Fire      0%         2x1d4     85%         1
 Freeze                   Ice            0%         1d3       85%         1
 Kiss of Death            Conj/Necr      0%         2d5       85%         1
 Magic Dart               Conj           0%         1d3       85%         1
 Shock                    Conj/Air       0%         1d3       85%         1
 Slow                     Hex            0%         N/A       85%         1
 Sting                    Tmut/Pois      0%         1d3       85%         1
 Summon Small Mammal      Summ           0%         N/A       85%         1
 Blink                    Tloc           0%         N/A       94%         2
 Call Imp                 Summ           0%         N/A       94%         2
 Cigotuvi's Dreadful Rot  Necr/Pois/Air  0%         N/A       94%         2
 Ensorcelled Hibernation  Hex/Ice        0%         N/A       94%         2
 Lesser Beckoning         Tloc           0%         N/A       94%         2
 Momentum Strike          Conj/Tloc      0%         3d8       94%         2
 Passwall                 Tmut/Erth      0%         N/A       94%         2
 Poisonous Vapours        Pois/Air       0%         N/A       94%         2
 Scorch                   Fire           0%         2d5       94%         2
 Searing Ray              Conj           0%         2d4       94%         2
 Static Discharge         Conj/Air       0%         2-2/arc   94%         2
 Call Canine Familiar     Summ           0%         N/A       99%         3
 Confusing Touch          Hex            0%         N/A       99%         3
 Dazzling Flash           Conj/Hex       0%         N/A       99%         3
 Frozen Ramparts          Ice            0%         1d1       99%         3
 Gell's Gravitas          Tloc           0%         N/A       99%         3
 Hailstorm                Conj/Ice       0%         3d3       99%         3
 Ignite Poison            Fire/Tmut/Pois 0%         N/A       99%         3
 Mephitic Cloud           Conj/Pois/Air  0%         N/A       99%         3
 Portal Projectile        Hex/Tloc       0%         N/A       99%         3
 Swiftness                Air            0%         N/A       99%         3
 Teleport Other           Tloc           0%         N/A       99%         3
 Tukima's Dance           Hex            0%         N/A       99%         3
 Vampiric Draining        Necr           0%         2d6       99%         3
 Airstrike                Air            0%         2d(0-16)  100%        4
 Animate Dead             Necr           0%         N/A       100%        4
 Cause Fear               Hex            0%         N/A       100%        4
 Dispel Undead            Necr           0%         3d6       100%        4
 Flame Wave               Conj/Fire      0%         2d4       100%        4
 Fulminant Prism          Conj/Hex       0%         3d5       100%        4
 Ice Form                 Ice/Tmut       0%         N/A       100%        4
 Iskenderun's Mystic Bla  Conj/Tloc      0%         2d3       100%        4
 Leda's Liquefaction      Hex/Erth       0%         N/A       100%        4
 Manifold Assault         Tloc           0%         N/A       100%        4
 Olgreb's Toxic Radiance  Pois           0%         N/A       100%        4
 Passage of Golubria      Tloc           0%         N/A       100%        4
 Sticky Flame             Conj/Fire      0%         2d3       100%        4
 Summon Ice Beast         Ice/Summ       0%         N/A       100%        4
 Summon Lightning Spire   Summ/Air       0%         N/A       100%        4
 Agony                    Necr           0%         N/A       100%        5
 Alistair's Intoxication  Tmut/Pois      0%         N/A       100%        5
 Arcjolt                  Conj/Air       0%         1d10      100%        5
 Blade Hands              Tmut           0%         N/A       100%        5
 Borgnjor's Vile Clutch   Necr/Erth      0%         N/A       100%        5
 Fireball                 Conj/Fire      0%         3d3       100%        5
 Freezing Cloud           Conj/Ice/Air   0%         6-21      100%        5
 Irradiate                Conj/Tmut      0%         3d11      100%        5
 Iskenderun's Battlesphe  Conj           0%         2d6       100%        5
 Silence                  Hex/Air        0%         N/A       100%        5
 Summon Forest            Summ/Tloc      0%         N/A       100%        5
 Yara's Violent Unravell  Hex/Tmut       0%         3d3       100%        5
 Death Channel            Necr           0%         N/A       100%        6
 Dispersal                Tloc           0%         N/A       100%        6
 Eringya's Noxious Bog    Tmut/Pois      0%         N/A       100%        6
 Plasma Beam              Fire/Air       0%         2x1d11    100%        6
 Simulacrum               Ice/Necr       0%         N/A       100%        6
 Starburst                Conj/Fire      0%         6d3       100%        6
 Summon Cactus Giant      Summ           0%         N/A       100%        6
 Dragon Form              Tmut           0%         N/A       100%        7
 Haunt                    Necr/Summ      0%         N/A       100%        7
 Malign Gateway           Summ/Tloc      0%         N/A       100%        7
 Orb of Destruction       Conj           0%         9d5       100%        7
 Ozocubu's Refrigeration  Ice            0%         4d7       100%        7
 Storm Form               Tmut/Air       0%         N/A       100%        7
 Summon Hydra             Summ           0%         N/A       100%        7
 Discord                  Hex            0%         N/A       100%        8
 Ignition                 Fire           0%         3d3       100%        8
 Infestation              Necr           0%         N/A       100%        8
 Summon Horrible Things   Summ           0%         N/A       100%        8
 Dragon's Call            Summ           0%         N/A       100%        9
 Fire Storm               Conj/Fire      0%         5d1       100%        9
 Polar Vortex             Ice            0%         N/A       100%        9


Dungeon Overview and Level Annotations

Branches:
Dungeon (15/15)            Temple (0/1) D:6            Lair (5/5) D:11
 Shoals (4/4) Lair:2        Snake (4/4) Lair:2        Slime (5/5) Lair:4
    Orc (2/2) D:12            Elf (3/3) Orc:2        Vaults (5/5) D:14
  Crypt (3/3) Vaults:2       Tomb (0/3) Crypt:3      Depths (4/4) D:15
    Zot (4/5) Depths:4     WizLab (visited)

Altars:
Ashenzari
Cheibriados
Gozag
Hepliaklqana
Kikubaaqudgha
Okawaru
Qazlal
Ru
Sif Muna
Trog
Uskayaw
Vehumet
Wu Jian
Yredelemnul
Zin

Shops:
D:2 *   D:5 *   D:7 (   D:11 (   D:15 *   Orc:2 =([*(   Elf:2 :=   Snake:1 :[(!
Snake:2 !   Vaults:2 [*=([   Vaults:3 :!?(   Vaults:4 =   Zot:4 **

Portals:
Hell: Depths:1 Depths:2 Depths:3 Depths:4
Abyss: Depths:3
Pandemonium: Depths:2 Depths:4
Ziggurat: Depths:2
Trove: Vaults:1 (give 9 potions of haste)

Annotations:
D:3 3 runed translucent doors, PerfectTommy's ghost, amateur TeRe
D:6 3 runed translucent doors, LustLizard's ghost, novice OpBe; turdburglar's ghost, novice TrFi; wesleywilliam's ghost, novice MiFi
D:9 1 transporter
Orc:2 3 runed translucent doors, howech's ghost, journeyman MiGl
Elf:1 exclusion: orange crystal statue
Elf:2 3 runed translucent doors, Roxanne
Crypt:1 2 transporters, Jetyrhek's ghost, veteran GrEE
Zot:3 Vv
Zot:4 3 runed translucent doors, 2 transporters, exclusion: 2 obsidian statues, Uneer's ghost, legendary GnFE
Abyss:3 1 transporter


Innate Abilities, Weirdness & Mutations

You have a pair of horns on your head.
You reflexively headbutt those who attack you in melee.


Message History

A cacophony of accursed wailing tears at your sanity!
The deep elf elementalist is no longer moving quickly.
The deep elf elementalist casts a spell at you.
Some walls begin to move on their own!
You block the starcursed mass's attack. The lich completely misses you.
The smoke demon gestures at you. Something smites you!
* * * LOW HITPOINT WARNING * * *
A cacophony of accursed wailing tears at your sanity!
* * * LOW HITPOINT WARNING * * *
You suddenly lose the ability to move!
A thrashing horror comes into view.
The large abomination completely misses you.
The thrashing horror roars!
You hear a roar! x2; You hear a bark!
You hear a roar!
You hear a shout!
You hear a croak.
You hear a shout!
You hear an angry buzzing noise.
Something shouts, "Take thy face hence, thou ducking clay-brained fleecer!"
You hear a bellow!
You hear a roar! x2
Something shouts, "Back with thee, thou feeble spur-galled ratsbane!"
You hear a shout!
The lich touches you but does no damage.
A starcursed mass splits.
A thrashing horror comes into view.
The wretched star pulses with an eldritch light!
Zin protects your body from mutation! The smoke demon gestures at you.
Something smites you!
* * * LOW HITPOINT WARNING * * *
The ufetubus hits you but does no damage. x2
The starcursed mass touches you but does no damage.
A cacophony of accursed wailing tears at your sanity!
* * * LOW HITPOINT WARNING * * *
The lich barely misses you.
You can move again.
Blink to where?
Press: ? - help, Dir - move target
As you read the scroll of blinking, it crumbles to dust.
You hear a deafening roar!
You hear a croak.
A deafening chorus of shrieks assaults your mind!
You die...

.. # . #. # h . # .
.# #. # ##. .# # #.
#X .# ## F#L♣#♣♣ XX
#. ##.# ♣ ♣4X.. ♣ #
.###@.#
#w.X#e.X♣###X..5..#
4 L≈⌠XL♣##.XE.#.#.#
## #~#5.#5X..#####
.4 #X~LXs## . . #
##XXX#.X§..#. 4F
#≈X#Xh.3.#.. .
#~#XX*h.#..# ' ..
#≈####5#5#..


You could see 6 starcursed masses, a lich (fast, invisible), a large
abomination, an earth elemental (summoned), a culicivora shaped shifter and 2
ufetubi.

Vanquished Creatures
  the Royal Jelly (Slime:5)
  Tiamat (Zot:4)
  3 dread liches
  4 orbs of fire (Zot:2)
  Mara (Depths:1)
  An ancient lich (Crypt:2)
  2 juggernauts
  Mennas (Depths:4)
  5 shard shrikes
  Saint Roka (Depths:2)
  Vashnia (Snake:4)
  2 caustic shrikes
  3 curse toes (Zot:1)
  Jory (Crypt:2)
  Nikola (Depths:2)
  6 golden dragons
  3 bone dragons
  Zenata (Crypt:2)
  11 tentacled monstrosities
  2 deep elf master archers (Elf:3)
  A walking divine tome (Depths:2)
  A walking frostbound tome (Depths:3)
  9 liches
  7 quicksilver dragons
  8 titans
  2 deep elf blademasters (Elf:3)
  12 acid blobs
  4 death cobs
  Frances (D:14)
  7 sphinxes
  Asterion (Depths:2)
  Agnes (D:14)
  6 tentacled starspawn (Abyss:3)
  12 ancient champions
  8 shadow dragons
  Kirke (Lair:4)
  4 draconian monks
  10 tengu reavers
  5 azure jellies
  24 storm dragons
  5 nagarajas
  11 rockslimes
  A draconian knight (Zot:4)
  3 revenants
  15 vault wardens
  Louise (Shoals:1)
  5 deep elf sorcerers
  12 frost giants
  9 fire giants
  A balrug (Depths:3)
  A caustic shrike zombie (Depths:2)
  4 draconian scorchers
  12 ghouls
  7 deep elf elementalists (Elf:3)
  A cacodemon (Abyss:3)
  10 iron dragons
  3 draconian shifters
  2 ghost moths
  6 draconian stormcallers
  Aizul (Snake:3)
  3 orc warlords
  4 curse skulls
  6 draconian annihilators
  3 spriggan defenders
  4 spectral caustic shrikes (Depths:1)
  9 quicksilver oozes
  3 reapers
  6 war gargoyles
  20 stone giants
  12 ironbound preservers
  8 vampire knights
  9 deep elf demonologists
  9 green draconians
  41 very ugly things
  Nessos (Lair:4)
  9 ironbound thunderhulks
  2 lorocyprocas (Abyss:3)
  9 red draconians
  Azrael (D:14)
  10 deep elf annihilators
  6 white draconians
  4 demonspawn black suns (Zot:2)
  7 black draconians
  16 purple draconians
  A minotaur (Shoals:2)
  4 dire elephants (Vaults:2)
  11 yellow draconians
  8 starcursed masses (Abyss:3)
  7 eidola
  8 ettins
  A crystal guardian (Vaults:2)
  A spark wasp (Depths:2)
  14 deep elf death magi
  9 statues (WizLab)
  Snorg (D:14)
  A blizzard demon (Abyss:3)
  17 fire dragons
  6 entropy weavers
  8 merfolk impalers
  A green death (Abyss:3)
  3 merfolk javelineers
  9 great orbs of eyes
  A spriggan zombie (Crypt:3)
  14 yaktaur captains
  16 jiangshi
  2 mummy priests
  Josephine (Orc:1)
  5 rakshasas
  A quicksilver dragon skeleton (Crypt:2)
  33 vault guards
  5 hydras
  2 salamander tyrants (Snake:4)
  6 deep elf high priests
  An ice dragon (shapeshifter) (Vaults:4)
  4 merfolk avatars
  3 peacekeepers
  5 spriggan air magi
  22 ice dragons
  10 anacondas
  5 catoblepae
  7 merfolk aquamancers
  8 centaur warriors
  An alligator snapping turtle (Shoals:4)
  An ogre mage (D:15)
  A spriggan skeleton (Abyss:3)
  Erica (D:9)
  8 ironbound frosthearts
  3 death yaks (Lair:5)
  17 dancing weapons
  7 two-headed ogres
  4 satyrs
  9 deep troll earth magi
  7 death knights
  7 boulder beetles
  12 tengu warriors
  10 naga warriors
  2 titan zombies
  6 vampire magi
  9 thrashing horrors (Abyss:3)
  11 shock serpents
  13 naga sharpshooters
  6 deep troll shamans
  4 orc high priests
  3 skysharks
  3 soul eaters (Crypt:2)
  Sonja (Lair:1)
  7 spriggan berserkers
  9 sun demons (Depths:4)
  17 deep elf knights
  A wretched star (Abyss:3)
  3 hell knights
  A fire crab (Shoals:3)
  8 salamander mystics
  Amaemon (D:9)
  A sixfirhy (Abyss:3)
  6 iron trolls
  An anaconda zombie (Crypt:3)
  36 skeletal warriors
  7 shadow wraiths
  13 sea snakes
  8 flayed ghosts
  A bunyip zombie (Crypt:3)
  2 swamp dragons
  A sea snake (shapeshifter) (Abyss:3)
  4 glowing orange brains
  54 deep trolls
  23 phantasmal warriors
  5 naga ritualists
  9 deep elf archers
  23 ironbound convokers
  9 wizards
  26 lindwurms
  2 bog bodies (Crypt:2)
  15 orc knights
  8 necromancers
  2 harpies (shapeshifter)
  24 harpies
  A wolf spider (D:14)
  39 deep elf zephyrmancers
  11 fauns
  7 shining eyes
  13 mana vipers
  32 deep elf pyromancers
  9 orc sorcerers
  A mana viper (shapeshifter) (Vaults:5)
  2 will-o-the-wisps (Abyss:3)
  A manticore (shapeshifter) (Vaults:4)
  A jorogumo zombie (Crypt:1)
  6 large abominations (Abyss:3)
  2 worldbinders (Abyss:3)
  9 cyclopes
  A salamander (shapeshifter) (D:14)
  34 ugly things
  16 moths of wrath
  11 elephants
  A centaur zombie (Crypt:2)
  16 salamanders
  17 manticores
  6 merfolk sirens
  A cyclops (shapeshifter) (Abyss:3)
  An eleionoma skeleton (Crypt:2)
  7 guardian serpents
  7 apocalypse crabs (Zot:1)
  8 cane toads
  A black mamba (shapeshifter) (Depths:3)
  16 naga magi
  A torpor snail (Lair:5)
  A water nymph (shapeshifter) (Elf:1)
  12 vault sentinels
  5 gargoyles
  8 water nymphs
  28 black mambas
  An orange demon (D:9)
  A torpor snail (shapeshifter) (Vaults:5)
  10 smoke demons
  A cane toad (shapeshifter) (Vaults:5)
  8 eyes of devastation
  A white draconian zombie (Crypt:2)
  2 hellions (Depths:4)
  A kobold demonologist (D:12)
  2 guardian mummies
  36 yaktaurs
  3 efreet
  8 komodo dragons
  A golden dragon simulacrum (Depths:2)
  16 freezing wraiths
  An ice devil (Abyss:3)
  5 rime drakes
  3 ancient zymes (Abyss:3)
  A redback zombie (Crypt:3)
  20 tengu conjurers
  A mana viper zombie (Crypt:2)
  2 minotaur skeletons
  A merfolk (shapeshifter) (Vaults:5)
  4 meliai (Shoals:2)
  6 trolls
  A red draconian skeleton (Crypt:3)
  A grey draconian skeleton (Crypt:2)
  A tengu simulacrum (Depths:2)
  3 polar bears
  35 merfolk
  7 wind drakes
  A tarantella (Vaults:1)
  A wind drake (shapeshifter) (Elf:3)
  5 hornets
  8 snapping turtles
  16 raiju (Abyss:3)
  11 dream sheep
  A harpy skeleton (Abyss:3)
  A blink frog (shapeshifter) (Vaults:5)
  A dream sheep (shapeshifter) (Vaults:5)
  A jumping spider (Vaults:2)
  13 blink frogs
  94 slime creatures
  A centaur simulacrum (D:12)
  A radroach zombie (Crypt:2)
  4 wyverns
  2 culicivoras
  A shadow (Abyss:3)
  12 water elementals
  An ettin skeleton (Crypt:1)
  A satyr skeleton (Crypt:1)
  57 yaks
  3 ynoxinuls (Abyss:3)
  5 air elementals
  4 spriggans
  3 ushabtiu
  A tyrant leech zombie (Crypt:1)
  Grum (D:9)
  2 neqoxecs
  14 wraiths
  6 basilisks
  2 vampire mosquitoes (D:13)
  4 fire bats
  7 golden eyes
  2 chaos spawn (Abyss:3)
  A human (Lair:5)
  9 redbacks
  3 hogs (Lair:4)
  4 fire elementals
  2 steam dragons
  A redback (shapeshifter) (Depths:3)
  6 wargs
  35 nagas
  An acid dragon (D:9)
  A harpy simulacrum (Crypt:3)
  2 merfolk zombies (Crypt:1)
  18 water moccasins
  4 hell hounds (D:14)
  A floating eye (Depths:3)
  4 swamp drakes (Lair:5)
  29 orc warriors
  An ice beast (D:8)
  A black bear (D:10)
  An ettin simulacrum (Crypt:3)
  6 ogres
  3 boggarts (Vaults:2)
  A black mamba simulacrum (Crypt:2)
  A tengu (Abyss:3)
  6 wolves
  12 centaurs
  A salamander zombie (Crypt:2)
  4 kobold brigands
  4 earth elementals
  5 necrophages (Crypt:1)
  6 bullfrogs
  A rime drake skeleton (Crypt:3)
  A scorpion (D:6)
  13 wights
  A queen bee zombie (Crypt:1)
  A troll zombie (Crypt:3)
  9 killer bees
  5 small abominations (Abyss:3)
  A vampire bat (D:10)
  6 howler monkeys
  5 electric eels
  A crimson imp (Abyss:3)
  2 jellies
  A quasit (Abyss:3)
  5 hounds
  14 orc priests
  A black bear zombie (Crypt:3)
  2 gnoll boudas
  Ijyb (D:3)
  A sleepcap (D:7)
  A centaur skeleton (Crypt:2)
  10 iguanas
  27 orc wizards
  A killer bee zombie (Crypt:3)
  A deep dwarf zombie (Crypt:1)
  A sky beast zombie (Crypt:3)
  A boggart simulacrum (D:15)
  20 gnolls
  5 adders
  A swamp drake skeleton (Crypt:1)
  A shadow imp (D:6)
  3 white imps
  An ufetubus (D:4)
  5 worms
  3 dart slugs
  86 orcs
  5 ball pythons
  4 endoplasms
  9 giant cockroaches (D:1)
  16 goblins
  9 hobgoblins
  3 jackals (D:3)
  26 kobolds
  3 quokkas
  A ball python skeleton (Crypt:2)
  15 bats
  5 frilled lizards
  A jackal zombie (Crypt:1)
  7 rats
  2 fire vortices (Elf:3)
  A lurking horror (Abyss:3)
  4 starspawn tentacles (Abyss:3)
2545 creatures vanquished.

Vanquished Creatures (others)
  A tentacled starspawn (Abyss:3)
  A wizard (Elf:3)
  A tengu reaver (Vaults:5)
  An ogre mage (Abyss:3)
  A skeletal warrior (Crypt:3)
  An ancient zyme (Abyss:3)
  A harpy skeleton (Crypt:3)
  A human (Lair:5)
  An orc wizard (D:7)
  An orc (D:7)
  A fire vortex (Elf:3)
  A foxfire (Abyss:3)
  10 spectral weapons
  18 starspawn tentacles (Abyss:3)
40 creatures vanquished.

Grand Total: 2585 creatures vanquished

Notes
Turn   | Place    | Note
-------+----------+-------------------------------------------
     0 | D:1      | snickersnuck the Minotaur Fighter began the quest for the
                  | Orb.
     0 | D:1      | Reached XP level 1. HP: 19/19 MP: 0/0
   103 | D:1      | Reached XP level 2. HP: 25/26 MP: 1/1
   415 | D:1      | Reached XP level 3. HP: 27/31 MP: 2/2
   796 | D:2      | Found Kup Buh's General Store.
  1130 | D:2      | Reached skill level 5 in Maces & Flails
  1265 | D:2      | Reached XP level 4. HP: 39/39 MP: 3/3
  2008 | D:3      | Found a stormy altar of Qazlal.
  2010 | D:3      | Noticed a fire elemental
  2011 | D:3      | Noticed a water elemental
  2011 | D:3      | Noticed an air elemental
  2011 | D:3      | Noticed an earth elemental
  2114 | D:3      | Became a worshipper of Qazlal Stormbringer
  2206 | D:3      | Reached XP level 5. HP: 45/45 MP: 4/4
  2221 | D:3      | Found a runed translucent gate.
  2221 | D:3      | Found a runed translucent gate.
  2221 | D:3      | Found a runed translucent gate.
  2260 | D:3      | Noticed PerfectTommy's ghost (amateur TeRe)
  2559 | D:3      | Noticed Ijyb
  2585 | D:3      | Killed Ijyb
  2585 | D:3      | Reached * piety under Qazlal
  3083 | D:4      | Found a radiant altar of Vehumet.
  3167 | D:4      | Reached XP level 6. HP: 43/51 MP: 5/5
  3279 | D:4      | Found a broken altar of Ashenzari.
  3463 | D:5      | Entered Level 5 of the Dungeon
  3871 | D:5      | Noticed a water moccasin
  3878 | D:5      | Killed a water moccasin
  3879 | D:5      | Reached XP level 7. HP: 57/57 MP: 6/6
  4008 | D:5      | Reached ** piety under Qazlal
  4053 | D:5      | Found a basalt altar of Yredelemnul.
  4100 | D:5      | Found Gozag's Platinum Reserve.
  4121 | D:5      | Found an opulent altar of Gozag.
  4231 | D:5      | Found a sacrificial altar of Ru.
  4417 | D:6      | Found a bloodstained altar of Trog.
  4612 | D:6      | Found a staircase to the Ecumenical Temple.
  4672 | D:6      | Reached skill level 10 in Maces & Flails
  5589 | D:6      | Found a runed translucent gate.
  5589 | D:6      | Found a runed translucent gate.
  5589 | D:6      | Found a runed translucent gate.
  5594 | D:6      | Noticed LustLizard's ghost (novice OpBe)
  5594 | D:6      | Noticed turdburglar's ghost (novice TrFi)
  5594 | D:6      | Noticed wesleywilliam's ghost (novice MiFi)
  6111 | D:7      | Reached XP level 8. HP: 59/64 MP: 7/7
  6372 | D:7      | Reached skill level 5 in Armour
  6533 | D:7      | HP: 2/64 [centaur/arrow (6)]
  7295 | D:7      | Found Kuobucs's Antique Weapon Shoppe.
  7438 | D:7      | Found a glowing silver altar of Zin.
  7777 | D:8      | Reached XP level 9. HP: 70/70 MP: 8/8
  7803 | D:8      | Reached *** piety under Qazlal
  8294 | D:8      | Found an iron altar of Okawaru.
  8359 | D:8      | Reached skill level 10 in Armour
  8396 | D:8      | Reached skill level 5 in Fighting
  8940 | D:9      | Noticed Erica
  9043 | D:9      | Killed Erica
  9263 | D:9      | Found a shimmering blue altar of Sif Muna.
  9349 | D:9      | Reached XP level 10. HP: 76/91 MP: 9/9
  9607 | D:9      | Found a transporter.
 10041 | D:9      | Reached skill level 10 in Fighting
 10131 | D:9      | Reached **** piety under Qazlal
 10261 | D:9      | Noticed a two-headed ogre
 10300 | D:8      | Reached skill level 5 in Shields
 10510 | D:9      | Killed a two-headed ogre
 10855 | D:9      | Noticed Amaemon
 10856 | D:9      | Noticed an orange demon
 11074 | D:9      | Killed Amaemon
 11156 | D:9      | Killed an orange demon
 11326 | D:9      | Found a hazy altar of Hepliaklqana.
 11374 | D:9      | Noticed Grum
 11378 | D:9      | Killed Grum
 11394 | D:9      | Reached skill level 10 in Shields
 11403 | D:9      | Reached skill level 1 in Invocations
 11850 | D:10     | Entered Level 10 of the Dungeon
 11853 | D:10     | Identified a scroll of acquirement
 11855 | D:10     | Acquired the ring "Laes" {rF+ rN+}
 12194 | D:10     | Noticed a gargoyle
 12207 | D:10     | Killed a gargoyle
 12208 | D:10     | Reached XP level 11. HP: 96/99 MP: 12/12
 12964 | D:11     | Reached skill level 5 in Invocations
 13917 | D:11     | Found a staircase to the Lair.
 13936 | D:11     | Found Deom's Weapon Boutique.
 14129 | D:11     | Reached ***** piety under Qazlal
 14215 | D:11     | Noticed a two-headed ogre
 14224 | D:11     | Killed a two-headed ogre
 15359 | D:12     | Reached skill level 10 in Invocations
 15738 | D:12     | Reached XP level 12. HP: 44/110 MP: 18/18
 16256 | D:12     | Found a staircase to the Orcish Mines.
 16287 | D:12     | Noticed a boulder beetle
 16297 | D:12     | Killed a boulder beetle
 16358 | D:12     | Noticed a centaur warrior
 16359 | D:12     | Noticed a centaur warrior
 16370 | D:12     | Killed a centaur warrior
 16376 | D:12     | Killed a centaur warrior
 16536 | D:12     | Noticed a tengu reaver
 16538 | D:12     | Noticed a sphinx
 16905 | Lair:1   | Entered Level 1 of the Lair of Beasts
 17420 | Lair:1   | Noticed Sonja
 17438 | Lair:1   | Killed Sonja
 18128 | Lair:2   | Found a staircase to the Snake Pit.
 18155 | Lair:2   | Found a staircase to the Shoals.
 18758 | Lair:2   | Noticed a boulder beetle
 18765 | Lair:2   | Killed a boulder beetle
 19111 | Lair:3   | Noticed a four-headed hydra
 19119 | Lair:3   | Killed a four-headed hydra
 19120 | Lair:3   | Reached XP level 13. HP: 109/125 MP: 19/19
 19232 | Lair:3   | Identified the +1 quarterstaff of Calculation {heavy, Str-3
                  | Int+2 SInv}
 19351 | Lair:3   | Reached skill level 15 in Fighting
 20291 | Lair:4   | Noticed Nessos
 21223 | Lair:4   | Killed Nessos
 21379 | Lair:4   | Found a staircase to the Slime Pits.
 21447 | Lair:4   | Reached skill level 15 in Shields
 21901 | Lair:5   | Entered Level 5 of the Lair of Beasts
 22393 | Lair:5   | Noticed Kirke
 22455 | Lair:4   | Killed Kirke
 22681 | Lair:5   | Reached ****** piety under Qazlal
 22829 | Lair:5   | Reached XP level 14. HP: 140/140 MP: 20/20
 23676 | Lair:5   | Identified the +0 ring mail of Resilience {rPois rC+ Will+}
 23978 | Lair:5   | Identified the +5 lajatang of Terror {venom, Int+4 Dex+2}
 24971 | Orc:1    | Entered Level 1 of the Orcish Mines
 25180 | Orc:1    | Noticed Josephine
 25187 | Orc:1    | Killed Josephine
 25535 | Orc:2    | Entered Level 2 of the Orcish Mines
 25535 | Orc:2    | Noticed howech's ghost (journeyman MiGl)
 25858 | Orc:2    | Found a runed translucent gate.
 25858 | Orc:2    | Found a runed translucent gate.
 25858 | Orc:2    | Found a runed translucent gate.
 26952 | Orc:2    | Found Vepe's Assorted Antiques.
 26952 | Orc:2    | Found Odelaxo's Antique Armour Shop.
 26953 | Orc:2    | Found Noruif's Antique Weapon Shoppe.
 26953 | Orc:2    | Found Heul's Jewellery Shoppe.
 27010 | Orc:2    | Found a staircase to the Elven Halls.
 27055 | Orc:2    | Found Vexage's Distillery.
 27076 | Orc:2    | Found Ikoroux's Weapon Emporium.
 27453 | D:12     | Killed a tengu reaver
 27767 | D:12     | Killed a sphinx
 27780 | D:12     | Found the +9 scales of the Dragon King {rPois rF+ rC+
                  | Will+}
 28170 | D:13     | Reached XP level 15. HP: 146/155 MP: 21/21
 28875 | D:13     | Found an ornate altar of the Wu Jian Council.
 29074 | D:14     | Noticed Agnes
 29082 | D:14     | Killed Agnes
 29200 | D:14     | Reached skill level 15 in Armour
 29424 | D:14     | Noticed Frances
 29444 | D:14     | Killed Frances
 29696 | D:14     | Found a gate to the Vaults.
 29757 | D:14     | Noticed Snorg
 29765 | D:14     | Killed Snorg
 29839 | D:14     | Noticed Azrael
 29860 | D:14     | Killed Azrael
 30050 | D:14     | Identified the +1 glaive of Extermination {venom, Fly rN+
                  | Will+}
 30138 | D:14     | Found a radiant altar of Vehumet.
 30312 | D:15     | Entered Level 15 of the Dungeon
 30964 | D:15     | Found Xogg's Fire Supplies.
 31077 | D:15     | Found a staircase to the Depths.
 31401 | Snake:1  | Entered Level 1 of the Snake Pit
 31872 | Snake:1  | Reached XP level 16. HP: 162/162 MP: 22/22
 31947 | Snake:1  | Found Xuruap's Book Emporium.
 31949 | Snake:1  | Found Yzxoka Nuno's Weapon Emporium.
 31950 | Snake:1  | Identified the amulet of Xoezedi {Acrobat rF+ rC+ Int+2}
 32110 | Snake:1  | Found Voijekk's Armour Emporium.
 32111 | Snake:1  | Found Homm's Distillery.
 33165 | Snake:2  | Identified the +2 hand axe "Tah Diec" {speed, Will+ Dex+2}
 33437 | Snake:2  | Found Emacot's Distillery.
 33445 | Snake:2  | Bought a potion of invisibility for 144 gold pieces
 33445 | Snake:2  | Bought a potion of heal wounds for 90 gold pieces
 33445 | Snake:2  | Bought a potion of curing for 54 gold pieces
 33445 | Snake:2  | Bought a potion of berserk rage for 90 gold pieces
 33448 | Snake:2  | Reached XP level 17. HP: 170/170 MP: 23/23
 33793 | Snake:3  | Noticed Aizul
 33959 | Snake:3  | Killed Aizul
 35355 | Snake:4  | Entered Level 4 of the Snake Pit
 36744 | Snake:4  | Noticed Vashnia
 37761 | Snake:4  | Reached XP level 18. HP: 170/178 MP: 26/26
 37832 | Snake:4  | Killed Vashnia
 38530 | Snake:4  | Got a serpentine rune of Zot
 38911 | Orc:2    | Bought a ring of flight for 210 gold pieces
 39095 | Shoals:1 | Entered Level 1 of the Shoals
 39108 | Shoals:1 | Noticed Louise
 39142 | Abyss:3  | Found a white marble altar of Elyvilon.
 39142 | Abyss:3  | Cast into level 3 of the Abyss (Louise)
 39298 | Shoals:1 | Escaped the Abyss
 39305 | Shoals:1 | Killed Louise
 40221 | Shoals:2 | Reached skill level 15 in Invocations
 41187 | Shoals:2 | Found a hide-covered altar of Uskayaw.
 43354 | Shoals:4 | Entered Level 4 of the Shoals
 43585 | Shoals:4 | Reached XP level 19. HP: 169/185 MP: 30/30
 45285 | Shoals:4 | Got a barnacled rune of Zot
 45633 | Shoals:4 | Found the +8 storm bow {elec, penet}
 46144 | Vaults:1 | Entered Level 1 of the Vaults
 46945 | Vaults:1 | Found a portal to a secret trove of treasure.
 48025 | Vaults:2 | Found Yfeell's Armour Boutique.
 48266 | Vaults:2 | Found a staircase to the Crypt.
 48266 | Vaults:2 | Found an ancient bone altar of Kikubaaqudgha.
 48267 | Vaults:2 | Found a basalt altar of Yredelemnul.
 48654 | Vaults:2 | Reached XP level 20. HP: 200/200 MP: 32/32
 48876 | Vaults:2 | Found Quegg's Antique Weapon Shoppe.
 48890 | Vaults:2 | Found Karelini's General Store.
 48949 | Vaults:2 | Found Amuk's Antique Armour Shoppe.
 48955 | Vaults:2 | Bought the +0 mask of the Dragon {Will+ Slay+3 SInv} for
                  | 1336 gold pieces
 48955 | Vaults:2 | Found the +0 mask of the Dragon {Will+ Slay+3 SInv}
 49166 | Vaults:2 | Found Kengyn's Jewellery Shop.
 50269 | Vaults:3 | Found Tumyj's Weapon Shop.
 51600 | Vaults:3 | Found Teirr's Magic Scroll Boutique.
 51600 | Vaults:3 | Found Ubrox's Distillery.
 51605 | Vaults:3 | Bought a scroll of fear for 84 gold pieces
 51605 | Vaults:3 | Bought a scroll of silence for 199 gold pieces
 51618 | Vaults:3 | Bought a potion of might for 68 gold pieces
 51618 | Vaults:3 | Bought a potion of haste for 170 gold pieces
 51640 | Vaults:3 | Found Nilisah's Book Boutique.
 52311 | Vaults:4 | Found Hiram's Jewellery Emporium.
 52559 | Vaults:4 | Got the Book of the Comburant Iceberg
 52665 | Vaults:4 | Noticed a dread lich
 52685 | Vaults:4 | Killed a dread lich
 53370 | Vaults:1 | Reached XP level 21. HP: 184/211 MP: 35/35
 53846 | Elf:1    | Entered Level 1 of the Elven Halls
 56203 | Elf:2    | Found Ohekudete's Jewellery Shop.
 56270 | Elf:2    | Bought the ring "Feigg" {Ice rCorr} for 488 gold pieces
 56422 | Elf:2    | Found Xuuwibb's Book Shoppe.
 56493 | Elf:2    | Found a runed translucent gate.
 56494 | Elf:2    | Found a runed translucent gate.
 56494 | Elf:2    | Found a runed translucent gate.
 56527 | Elf:2    | Noticed Roxanne
 56742 | Elf:3    | Entered Level 3 of the Elven Halls
 57411 | Elf:3    | Paralysed by an air elemental for 1 turns
 58769 | Elf:3    | Found a shimmering blue altar of Sif Muna.
 59033 | Elf:3    | Identified the +8 dagger of Rilulupu {freeze, rPois Str+2}
 59034 | Elf:3    | Identified the ring "Feneese" {Ice rPois}
 59041 | Elf:3    | Reached skill level 27 in Fighting
 59052 | Elf:3    | Reached XP level 22. HP: 233/233 MP: 36/36
 59311 | Elf:3    | Identified the +2 shortbow of the Shrinking Gods {heavy,
                  | rF+}
 59380 | Elf:3    | Identified the +4 hand axe of Victory {flame, Dex+2}
 59381 | Elf:3    | Identified the staff of fire "Pesirph" {rF+ rC+ Int+3 Dex+2
                  | Stlth+}
 59391 | Elf:3    | Identified the +1 halberd of Urupp {speed, rElec}
 59393 | Elf:3    | Got the Papyrus of the Retinue
 59394 | Elf:3    | Identified the staff of cold "Koik" {rC+ Str+3 Dex+3
                  | Stlth-}
 59405 | Elf:3    | Identified the +2 short sword "Gocud" {heavy, rPois}
 59408 | Elf:3    | Identified the staff of earth "Jiackokk" {SInv}
 59424 | Elf:3    | Identified the staff of poison "Mosut" {rPois rF++ Will-
                  | rCorr Int-3}
 59708 | D:11     | Reached XP level 23. HP: 239/239 MP: 37/37
 60315 | Vaults:2 | Bought a +4 ring of slaying for 858 gold pieces
 60381 | Vaults:5 | Entered Level 5 of the Vaults
 62191 | Vaults:5 | Noticed a dread lich
 62364 | Vaults:5 | Identified the +6 halberd "Cosk" {distort, Will+ Str+5
                  | Int-3}
 62374 | Vaults:5 | Killed a dread lich
 62392 | Vaults:5 | Identified the ring "Heal" {rPois MP+9}
 65314 | Vaults:5 | Reached XP level 24. HP: 204/206 MP: 37/37
 66119 | Vaults:5 | Identified the +4 long sword of Oromokif {speed, rC- rN+++
                  | Int+3 SInv}
 66475 | Vaults:5 | Got a silver rune of Zot
 66496 | Vaults:5 | Identified the amulet "Nof Ciwa" {Harm *Corrode Fly Regen+
                  | Dex+5}
 66708 | Vaults:5 | Found the +8 lance "Wyrmbane" {slay drac, rPois rF+ rC+
                  | AC+3}
 67337 | Slime:1  | Entered Level 1 of the Pits of Slime
 67648 | Slime:1  | Reached skill level 1 in Polearms
 68268 | Slime:2  | Reached skill level 5 in Polearms
 68783 | Slime:3  | Gained mutation: You occasionally lose the ability to drink
                  | potions when taking damage. [a shining eye]
 69269 | Slime:4  | Gained mutation: You are weak. (Str -2) [a shining eye]
 69275 | Slime:4  | Gained mutation: You are dopey. (Int -2) [a shining eye]
 69815 | Depths:1 | Entered Level 1 of the Depths
 70022 | Depths:1 | Identified the ring of the Lion {Fire Int+2 Dex+3}
 70067 | Depths:1 | You fall into a shaft and drop 1 floor!
 70067 | Depths:2 | Found a one-way gateway to a ziggurat.
 70098 | Depths:2 | Reached skill level 10 in Polearms
 70102 | Depths:2 | Noticed Saint Roka
 70126 | Depths:2 | Killed Saint Roka
 70647 | Depths:2 | Noticed Asterion
 70654 | Depths:2 | Killed Asterion
 70696 | Depths:2 | Noticed Nikola
 70707 | Depths:2 | Killed Nikola
 70962 | Depths:2 | Noticed Mara
 71006 | Depths:1 | Noticed snickersnuck's illusion
 71014 | Depths:1 | Killed Mara
 71151 | Depths:1 | Found a basalt altar of Yredelemnul.
 71887 | Depths:1 | Found a gateway to Hell.
 72128 | Depths:1 | Found a snail-covered altar of Cheibriados.
 73451 | Depths:2 | Found a one-way gate leading to the halls of Pandemonium.
 73699 | Depths:2 | Identified the +7 broad axe of Pride {protect, +Blink Int-4
                  | Stlth+}
 74162 | Depths:2 | Noticed a juggernaut
 74180 | Depths:2 | Killed a juggernaut
 74181 | Depths:2 | Reached XP level 25. HP: 257/257 MP: 37/37
 74260 | Depths:2 | Reached skill level 27 in Shields
 74987 | Depths:3 | Found a one-way gate to the infinite horrors of the Abyss.
 74991 | Depths:3 | Paralysed by a floating eye for 2 turns
 75142 | Depths:3 | Found a magical portal.
 75151 | WizLab   | Entered Iskenderun's Mystic Tower
 76275 | WizLab   | Got Iskenderun's Discursus on Impulse
 76275 | WizLab   | Got Iskenderun's Verses on the Salvo
 77458 | Depths:3 | Noticed a juggernaut
 77834 | Depths:3 | Killed a juggernaut
 79464 | Depths:4 | Entered Level 4 of the Depths
 79740 | Depths:4 | Found a gate to the Realm of Zot.
 79832 | Depths:4 | Noticed Mennas
 79855 | Depths:4 | Killed Mennas
 80211 | Depths:4 | Identified the +8 morningstar "Starlight" {heavy, rF+++ rN+
                  | Str-2 Stlth-}
 81329 | D:7      | Fell from the grace of Qazlal
 81329 | D:7      | Became a worshipper of Zin the Law-Giver
 81329 | D:7      | Reached * piety under Zin
 81329 | D:7      | Reached ** piety under Zin
 81330 | D:7      | Donated 1163 gold pieces to Zin
 81362 | D:8      | Reached *** piety under Zin
 81516 | D:13     | Reached **** piety under Zin
 81695 | Crypt:1  | Entered Level 1 of the Crypt
 82975 | Crypt:1  | Reached XP level 26. HP: 241/257 MP: 38/38
 83044 | Crypt:1  | Reached ***** piety under Zin
 83374 | Crypt:1  | Found a transporter.
 83381 | Crypt:1  | Found a transporter.
 83381 | Crypt:1  | Noticed Jetyrhek's ghost (veteran GrEE)
 84927 | Crypt:2  | Identified the +5 scale mail "Learascho" {+Inv Int+5}
 84960 | Crypt:2  | Noticed Zenata
 84973 | Crypt:2  | Killed Zenata
 85172 | Crypt:2  | Noticed Jory
 85190 | Crypt:2  | Killed Jory
 85494 | Crypt:2  | Noticed a dread lich
 85494 | Crypt:2  | Noticed an ancient lich
 85505 | Crypt:2  | Killed a dread lich
 85522 | Crypt:2  | Killed an ancient lich
 85593 | Crypt:2  | Reached ****** piety under Zin
 86423 | Crypt:3  | Entered Level 3 of the Crypt
 86502 | Crypt:3  | Found a staircase to the Tomb.
 86518 | Crypt:3  | Identified the +7 short sword "Rotwioh" {flame, +Blink
                  | rPois Will+}
 89490 | Crypt:3  | Found an ancient bone altar of Kikubaaqudgha.
 89490 | Crypt:3  | Found a basalt altar of Yredelemnul.
 89640 | Crypt:3  | Identified the ring "Ryzalug" {rElec rPois rF- rC- rN+}
 89640 | Crypt:3  | Identified the ring "Leuseow" {rC+ rN+ MP+9 Str+3 SInv}
 90090 | D:11     | Lost mutation: You occasionally lose the ability to drink
                  | potions when taking damage. [potion of mutation]
 90090 | D:11     | Lost mutation: You are dopey. (Int -2) [potion of mutation]
 90090 | D:11     | Lost mutation: You are weak. (Str -2) [potion of mutation]
 90502 | Zot:1    | Entered Level 1 of the Realm of Zot
 90502 | Zot:1    | You fall into a shaft and drop 1 floor!
 90632 | Zot:1    | Paralysed by you for 2 turns
 91420 | Zot:1    | Reached XP level 27. HP: 211/273 MP: 38/38
 91667 | Zot:1    | Was forgiven by Qazlal
 91930 | Zot:1    | Identified the +5 mace of Okawaru's Displeasure {speed, rC-
                  | rCorr Str-3 Dex+7}
 92064 | Zot:1    | Identified the ring "Boateom" {rF+ AC+4}
 92353 | Zot:2    | Noticed an orb of fire
 92373 | Zot:2    | Killed an orb of fire
 92809 | Zot:2    | Reached skill level 27 in Armour
 92944 | Zot:2    | Noticed an orb of fire
 92977 | Zot:2    | Killed an orb of fire
 93188 | Zot:2    | Identified the +6 shortbow of the Wasteland {drain, Str+3}
 93376 | Zot:2    | Noticed an orb of fire
 93402 | Zot:2    | Killed an orb of fire
 93598 | Zot:2    | Noticed an orb of fire
 94084 | Zot:2    | Killed an orb of fire
 94169 | Zot:2    | Reached skill level 5 in Evocations
 94238 | Zot:2    | Identified the +3 dagger of Agony {flame, rF- rN+++ rCorr
                  | Int+4}
 94239 | Zot:2    | Got the Vellum of The Black Sun
 95650 | Zot:3    | Identified the +1 hand axe "Tokit" {flame, rElec rCorr
                  | Dex+2}
 95814 | Zot:4    | Noticed Vv
 96480 | Zot:4    | Found a runed translucent gate.
 96481 | Zot:4    | Found a runed translucent gate.
 96482 | Zot:4    | Found a runed translucent gate.
 96495 | Zot:4    | Found an opulent altar of Gozag.
 96498 | Zot:4    | Found Lymenil's Assorted Antiques.
 96498 | Zot:4    | Noticed Uneer's ghost (legendary GnFE)
 96499 | Zot:4    | Found Sajoused's Assorted Antiques.
 96535 | Zot:4    | Found a transporter.
 96564 | Zot:4    | Found the +4 dragonskin cloak
 96564 | Zot:4    | Noticed Tiamat
 96954 | Zot:4    | Found a transporter.
 97347 | Zot:4    | Killed Tiamat
 99228 | Slime:5  | Entered Level 5 of the Pits of Slime
 99257 | Slime:5  | Reached skill level 10 in Evocations
 99462 | Slime:5  | Noticed the Royal Jelly
 99487 | Slime:5  | Killed the Royal Jelly
 99951 | Slime:5  | Found the +1 cloak of Starlight {*Dazzle EV+4 Stlth--}
100030 | Slime:5  | Identified the staff of air "Tijok" {rElec Will+ Str+2
                  | Int+3}
100037 | Slime:5  | Got the Folio of the Many Knaves
100040 | Slime:5  | Identified the +8 ring mail of the Distant Future {rElec
                  | rF++ rC- Int+3}
100130 | Slime:5  | Got a slimy rune of Zot
100134 | Slime:5  | Identified the ring of Brilliance {rPois MP+9 Slay+2
                  | Stlth+}
101441 | Depths:3 | Voluntarily entered the Abyss.
101456 | Abyss:3  | Found a corrupted altar of Lugonu.
101511 | Abyss:3  | Found a transporter.
101528 | Abyss:3  | Reached skill level 1 in Dodging
101740 | Abyss:3  | Reached skill level 5 in Dodging
102198 | Abyss:3  | Paralysed by accursed screaming for 2 turns
102209 | Abyss:3  | Paralysed by accursed screaming for 2 turns
102247 | Abyss:3  | Paralysed by accursed screaming for 2 turns
102290 | Abyss:3  | Paralysed by accursed screaming for 2 turns
102291 | Abyss:3  | HP: 10/273 [starcursed mass/accursed screaming (21)]
102292 | Abyss:3  | Killed from afar by a starcursed mass

Illustrated notes

Levels and vault maps discovered:
D:1:      psy_arrival_conway, layout_loops_ring, minmay_worlds_worst_comb
D:2:      layout_basic, serial_forest, infiniplex_forest_straight_2,
          infiniplex_forest_lined_1, infiniplex_forest_corner_1,
          infiniplex_forest_pool, infiniplex_forest_clump_tiny,
          infiniplex_forest_clump_tiny, infiniplex_forest_lined_room_3,
          serial_shops, shop
D:3:      kennysheep_goblin_castle, layout_basic,
          nicolae_qazlal_style_of_elements, biasface_ghost_orc_armoury
D:4:      dreamdust_elfheim, layout_rooms, mainiacjoe_overflow_tiny_flanked,
          ashenzari_conservatory_becter
D:5:      layout_loops_ring, nicolae_gozag_zags_fifth_avenue,
          mainiacjoe_overflow_big_doors
D:6:      layout_basic, mainiacjoe_overflow_alcove_1, minmay_temple_entry_glass,
          serial_curves, eino_curves_01, eino_curves_04,
          gammafunk_ghost_cemetery
D:7:      layout_basic, zin_statuary, serial_shops, shop,
          amcnicky_mini_pool_small, minivault_27, minmay_tree_intersection
D:8:      layout_loops_corners, okawaru_ov_weapons_minmay,
          nicolae_figureground_sparkle
D:9:      layout_roguey, mainiacjoe_overflow_catwalk, general_overflow_altar,
          special_room [special_room_orc], nicolae_diode_basic, uniq_grum,
          uniq_erica, uniq_amaemon
D:10:     layout_rooms, minmay_crystal_water, roderic_batcave,
          kennysheep_generic_room_4
D:11:     layout_small_grid, david_lair_generic, serial_rivers,
          chequers_serial_rivers_large_a, chequers_serial_rivers_small_3,
          chequers_serial_rivers_micro_e, chequers_serial_rivers_small_b,
          serial_shops, shop_statue
D:12:     minmay_two_paths, layout_loops_ring, orc_0_dummy
D:13:     layout_grid_maze, minivault_10, st_stairs_10, nzn_wu_jian_council_hall
D:14:     layout_irregular_city, david_vaults_4, vehumet_crystals,
          kennysheep_minor_cross, small_chamber_with_monster,
          minmay_shattered_shrine, uniq_snorg, uniq_azrael, uniq_frances,
          uniq_agnes
D:15:     hangedman_depths_entry_civil_slaughter, layout_rooms,
          minmay_misc_feat_room, nicolae_shop_fire_sale [nicolae_sub_dead_trees]
Lair:1:   layout_regular_city, uniq_sonja
Lair:2:   layout_cave_pods, elwin_shoals_entry_rocks,
          minmay_snake_entry_six_corridors, serial_bayou_crossing
Lair:3:   layout_concentric_octagons, minivault_19, st_stairs_3,
          chequers_serial_rivers_small_a, serial_bayou_pond_a,
          serial_bayou_shore_b
Lair:4:   layout_roguey, slime_entry_1, uniq_nessos
Lair:5:   hangedman_lair_in_review, layout_layer_cave, guppyfry_lair_end_dragon,
          serial_rivers, chequers_serial_rivers_small_a,
          chequers_serial_rivers_micro_c, chequers_serial_rivers_micro_a,
          chequers_serial_rivers_micro_d, chequers_serial_rivers_small_3,
          chequers_serial_rivers_small_3, serial_bayou_shore_b, uniq_kirke
Shoals:1: layout_shoals, uniq_louise
Shoals:2: nzn_motion_control, layout_shoals, regret_index_shoals_crete
Shoals:3: layout_shoals
Shoals:4: shoals_end_hangedman, layout_shoals, hangedman_shoal_volcano
Snake:1:  layout_gridlike, minmay_shop_grid_forest
Snake:2:  layout_gridlike, serial_shops, shop
Snake:3:  layout_grid_shapes, st_stairs_3, uniq_aizul
Snake:4:  snake_pit_salamanders_mu, layout_misc_corridors, uniq_vashnia
Slime:1:  layout_caves
Slime:2:  layout_caves
Slime:3:  layout_caves, nicolae_slime_rock_hall_of_fame
Slime:4:  layout_caves
Slime:5
Orc:1:    layout_diamond_mine, uniq_josephine, uniq_erolcha
Orc:2:    st_orc_elflike, layout_diamond_mine, gammafunk_ghost_split,
          serial_shops, nicolae_shop_bloodbath_and_beyond, nicolae_diamond_shop
Elf:1:    layout_geoelf_grid, serial_shops, statue_bzr, minivault_28,
          ebering_dispersal_statue_hall, grunt_megastairs_3
Elf:2:    nicolae_elf_blades_crystal_corner, layout_rooms, serial_shops, shop,
          nicolae_shop_stone, uniq_roxanne
Elf:3:    elf_hall, layout_geoelf_castle, basic_altar,
          dilly_guarded_unrand_elemental_staff
Vaults:1: nicolae_vaults_weapon_check, nicolae_vaults_circle_grid_b,
          nicolae_vaults_tetromino_L_2, nicolae_vaults_more_shelving_1,
          ontoclasm_vaults_chip, nicolae_vaults_network_square,
          ontoclasm_vaults_ring_small, v_rooms_4, layout_vaults_big_room,
          nicolae_trove_entry_crossroad
Vaults:2: v_pattern_1, v_misc_29, hangedman_vaults_impose,
          ontoclasm_vaults_ring_small, minmay_crypt_entry_necro_gods,
          nicolae_vaults_surprise_closet_hard, layout_vaults_omnigrid,
          serial_shops, shop, shop, nicolae_square_shop, shop,
          nicolae_shop_just_a_little_nook
Vaults:3: nicolae_vaults_trapezoid_4, nicolae_vaults_sesquioval_fish,
          grunt_vaults_twisty, nicolae_vaults_trapezoid_lopsided_4,
          hangedman_vaults_stitches, v_alt_pattern_4, v_misc_23, v_pattern_3,
          nicolae_vaults_taking_the_gang_shopping, hangedman_vaults_nails,
          hangedman_vaults_hard_town_square,
          nicolae_vaults_variable_pillar_hall,
          nicolae_vaults_trapezoid_lopsided_1, layout_vaults_maze_snakey
Vaults:4: v_misc_24, v_misc_15, nicolae_vaults_octothorpe,
          nicolae_vaults_door_testing_chamber, vaults_room_semicircle,
          nicolae_vaults_you_can_take_it_with_you,
          nicolae_vaults_closet_pinwheel_6, v_pattern_2, vaults_room_corners,
          nicolae_vaults_little_squares_2, v_misc_4,
          nicolae_vaults_ring_of_whatevers, nicolae_vaults_rhombus_5,
          layout_vaults_omnicross, serial_shops, nicolae_shop_hallway_stairs
Vaults:5
Crypt:1:  layout_chaotic_city, gammafunk_ghost_arena, glass_columns_b,
          grunt_megastairs_5
Crypt:2:  grunt_deathspiral_small, layout_misc_corridors, uniq_zenata, uniq_jory
Crypt:3:  lightli_unholy_cathedral, layout_chaotic_city, grunt_ministairs_10
Depths:1: cheibrodos_birdhouse, layout_cave_shapes, pf_hell_entry_tar_river,
          lemuel_tele_altar, columned_hall_lemuel, yredelemnul_altar_generic
Depths:2: minmay_the_grid_4x2 [minmay_the_grid_expand, minmay_the_grid_gridbox,
          minmay_the_grid_dragon_a, minmay_the_grid_dragon_b,
          minmay_the_grid_diamond_grid, minmay_the_grid_minigrid_medium,
          minmay_the_grid_all_tris, minmay_the_grid_prize_four_corners],
          layout_cave_pools, enter_ziggurat_e, pan_entry,
          nicolae_elevator_lobby_plus, pf_coc_iceberg, hangedman_decor_points,
          kennysheep_nondescript, uniq_mara, uniq_nikola, uniq_saint_roka,
          uniq_asterion
Depths:3: hangedman_cross_cluster, layout_cave_shapes, abyss_entry,
          mu_enter_wizlab_5, pf_dread_powers_of_hell,
          serial_sigils_hangedman_leer
Depths:4: grunt_zot_entry_funnels, layout_gridlike,
          nicolae_hell_entry_hellmouth_sunbeams, grunt_pan_entry_spiral,
          nrook_mini_vaults, uniq_mennas
Zot:1:    gammafunk_mikee_crab_dinner, layout_onion, hangedman_snake_sidewinding
Zot:2:    dreamdust_black_sun_cult, layout_concentric_octagons
Zot:3:    layout_gridlike
Zot:4:    gammafunk_sealed_arena, layout_gridville, ebering_ghost_gozag,
          zot_minivault_1, uniq_vv, uniq_josephina, uniq_tiamat
Abyss:3:  base: Lair:4, hangedman_abyss_feature_spike, minivault_25_ag,
          evilmike_abyss_exit_mutagenic, base: Lair:5,
          gammafunk_corrupted_shrine, evilmike_abyss_exit_16,
          due_evilmike_abyss_rune_seething_liches,
          due_evilmike_abyss_rune_seething_liches, hangedman_decor_riveting

Skill      XL: |  1  2  3  4  5  6  7  8  9 10 11 12 13 14 15 16 17 18 19 20 21 22 23 24 25 26 27 |
---------------+----------------------------------------------------------------------------------+-----
Maces & Flails | 3 4 5 6 7 9 11 12 | 12.0
Armour         | 8 10 13 18 20 26 27 | 27.0
Fighting       | 9 10 11 14 17 20 22 23 27 | 27.0
Shields        | 10 12 15 16 18 19 24 26 27 | 27.0
Invocations    | 3 10 12 17 19 22 25 | 25.0
Polearms       | 12 14 | 14.0
Evocations     | 11 | 11.7
Dodging        | 9 |  9.0

Action                     |  1- 3 |  4- 6 |  7- 9 | 10-12 | 13-15 | 16-18 | 19-21 | 22-24 | 25-27 || total
---------------------------+-------+-------+-------+-------+-------+-------+-------+-------+-------++-------
  Melee: Flail             |    81 |   174 |   328 |    85 |       |       |       |       |       ||   668
         Headbutt          |    10 |    30 |    60 |   145 |   332 |   366 |   673 |   485 |  1057 ||  3158
         Whip              |       |    18 |    45 |       |       |       |       |       |       ||    63
         Demon whip        |       |       |       |   510 |  1143 |  1253 |  2135 |  1233 |   193 ||  6467
         Lance             |       |       |       |       |       |       |       |       |  1898 ||  1898
         Trishula          |       |       |       |       |       |       |       |       |   855 ||   855
 Invoke: Disaster Area     |       |       |       |       |       |     1 |     2 |     8 |       ||    11
         Recite            |       |       |       |       |       |       |       |       |     8 ||     8
         Donate Gold       |       |       |       |       |       |       |       |       |     1 ||     1
         Sanctuary         |       |       |       |       |       |       |       |       |     6 ||     6
         Imprison          |       |       |       |       |       |       |       |       |     1 ||     1
    Use: Scroll            |     6 |     5 |     4 |    13 |     5 |     3 |       |     1 |    27 ||    64
         Potion            |       |     1 |     5 |       |     1 |     1 |     1 |     5 |    24 ||    38
   Stab: Confused          |       |       |       |       |     1 |       |       |       |       ||     1
         Distracted        |       |       |       |       |       |       |       |     5 |       ||     5
         Paralysed         |       |       |       |       |       |       |       |       |     2 ||     2
 Armour: Scale mail        |    26 |       |       |       |       |       |       |       |       ||    26
         Plate armour      |     9 |   111 |   210 |   139 |   136 |       |       |       |       ||   605
         Gold dragon scale |       |       |       |       |   137 |   410 |   542 |   414 |   910 ||  2413
  Dodge: Dodged            |    40 |    50 |    75 |    59 |    97 |   282 |   305 |   202 |   538 ||  1648
         Repelled          |       |       |       |     4 |     4 |    18 |    19 |    15 |    11 ||    71
  Block: Buckler           |    12 |       |       |       |       |       |       |       |       ||    12
         Kite shield       |     2 |   105 |   225 |   117 |       |       |       |       |       ||   449
         Tower shield      |       |       |       |   308 |  1176 |  1657 |  1960 |  1305 |  2413 ||  8819
         Reflection        |       |       |       |       |    32 |       |       |       |       ||    32
